 Dungeon Crawl Stone Soup version 0.30.1-11-g7821555f0a (webtiles) character file.

Game seed: 7743796309229116442

465 BigPumpCobain the Ogre Mage (level 7, -3/65 HPs)
             Began as an Ogre Transmuter on Dec 3, 2023.
             Was an Initiate of Dithmenos.
             Slain by Duvessa
             ... wielding a +5 short sword of protection
              (8 damage)
             ... on level 4 of the Dungeon.
             The game lasted 00:12:25 (3838 turns).

BigPumpCobain the Ogre Mage (Ogre Transmuter)       Turns: 3838, Time: 00:12:26

Health: -3/65      AC:  9    Str: 15    XL:     7   Next: 8%
Magic:  13/13      EV: 10    Int: 22    God:    Dithmenos [......]
Gold:   236        SH:  0    Dex:  9    Spells: 11/15 levels left

rFire   . .          .
                       - Unarmed
rCold   . . .        (no shield)
rNeg    . . .        x - +2 robe {Archmagi}
rPois   .            (helmet currently unavailable)
rElec   .            (no cloak)
rCorr   .            (gloves unavailable)
SInv    .            (boots unavailable)
Will    .....        (no amulet)
Stlth   +            w - +6 ring of intelligence
HPRegen 0.30/turn    f - +4 ring of protection
MPRegen 0.13/turn

%: archmagi
@: appendages
A: horns 2, talons 2, large, unfitting armour, tough skin 1
a: End Transformation, Renounce Religion


You were on level 4 of the Dungeon.
You worshipped Dithmenos.
Dithmenos was noncommittal.
You had temporarily grown beastly horns and talons.
You visited 1 branch of the dungeon, and saw 4 of its levels.

You collected 236 gold pieces.

Inventory:

Hand Weapons
 b - a +0 antimagic whip
 l - a +3 quarterstaff of chaos
 r - a +2 dagger of venom
 t - a +2 dagger of draining
 z - a +2 mace of protection
Armour
 a - a +0 robe
 x - a +2 robe of the Archmagi (worn)
Jewellery
 d - a ring of positive energy
 f - a +4 ring of protection (right hand)
 w - a +6 ring of intelligence (left hand)
Scrolls
 c - a scroll of fear (quivered) {unknown}
 e - 3 scrolls of identify {unknown}
 h - 5 scrolls of teleportation {unknown}
 m - 2 scrolls of blinking {unknown}
 o - 2 scrolls of butterflies {unknown}
 p - a scroll of poison {unknown}
 s - 2 scrolls of amnesia {unknown}
 v - a scroll of acquirement {unknown}
 y - 2 scrolls of immolation {unknown}
Potions
 g - a potion of attraction {unknown}
 i - a potion of heal wounds {unknown}
 j - a potion of resistance {unknown}
 k - a potion of mutation {unknown}
 n - 3 potions of curing {unknown}
 q - a potion of flight {unknown}
 u - a potion of berserk rage {unknown}


   Skills:
 + Level 2.2 Fighting
 + Level 2.7 Dodging
 + Level 0.8 Stealth
 + Level 4.5 Unarmed Combat
 + Level 4.6 Spellcasting
 + Level 3.4 Transmutations


You had 11 spell levels left.
You knew the following spells:

 Your Spells              Type           Power      Damage    Failure   Level
a - Beastly Appendage     Tmut           60%        N/A       2%          1
b - Spider Form           Tmut/Pois      18%        N/A       16%         3

Your spell library contained the following spells:

 Spells                   Type           Power      Damage    Failure   Level
 Wereblood                Tmut           30%        N/A       4%          2
 Hailstorm                Conj/Ice       7%         3d4       32%         3
 Ice Form                 Ice/Tmut       18%        N/A       45%         4
 Simulacrum               Ice/Necr       3%         N/A       100%        6


Dungeon Overview and Level Annotations

Branches:
Dungeon (4/15)
 Temple: D:4-7

Altars:
Cheibriados
Dithmenos
Fedhas
Gozag

Annotations:
D:4 Duvessa


Innate Abilities, Weirdness & Mutations

You have temporarily grown beastly horns and talons.
You are too large for most types of armour.
You have tough skin. (AC +1)


Message History

Dowan is severely wounded.
Duvessa says, "Practise, practise, practise!
One day you'll be as good as me." Duvessa barely misses you.
Dowan hits you but does no damage.
You barely miss Dowan. You claw Dowan. You headbutt Dowan.
Dowan is severely wounded.
Duvessa hits you with a +5 short sword of protection.
Dowan gestures at you while chanting. You resist with some effort.
You closely miss Dowan. You claw Dowan. Your headbutt misses Dowan.
Dowan is almost dead.
Duvessa hits you with a +5 short sword of protection!
Dowan hits you with a +1 dagger of flaming.
Dowan burns you.
You closely miss Dowan.
Dowan is almost dead.
Duvessa hits you with a +5 short sword of protection.
* * * LOW HITPOINT WARNING * * *
Dowan hits you but does no damage.
You hit Dowan but do no damage.
Dowan is almost dead.
Duvessa hits you with a +5 short sword of protection.
* * * LOW HITPOINT WARNING * * *
Dowan closely misses you.
You closely miss Dowan. You headbutt Dowan.
Dowan is almost dead.
Duvessa hits you but does no damage. Dowan barely misses you.
You hit Dowan but do no damage. Your kick misses Dowan.
Dowan is almost dead.
You punch Dowan!
You kill Dowan!
Dithmenos accepts your kill.
Duvessa screams, "No!
How DARE you!"
Duvessa goes berserk!
Duvessa misses you.
Duvessa hits you with a +5 short sword of protection!
* * * LOW HITPOINT WARNING * * *
You have reached level 7!
You hit Duvessa but do no damage. You claw Duvessa, but do no damage.
Duvessa is lightly wounded.
Duvessa hits you with a +5 short sword of protection!
You die...

..........# #.####.#
.######...#### #.#
##....##..##.. #.#
#.####.#..##.# #.##
#.#<.#.#..##.### #).####
#.#_.†##..##...####.....#
#.#####..###.#.##...###.#
##.....#.# #............#
.#######.# #..##@#####..#
.........###..#.e)# #.##
.....#[....#..#...+ #.#
####.#.....#..#...# #.#
...#.#........#...+ #.#
.#.#.#......#.#⌠8⌠# #.#
...#.#.....##.########.#
<#.#.#.....##..........#
...#.#.....#############


You could see Duvessa (berserk).

Vanquished Creatures
  A scorpion (D:4)
  Dowan (D:4)
  2 hounds
  An orc priest (D:4)
  Crazy Yiuf (D:2)
  A sleepcap (D:4)
  2 orc wizards (D:4)
  7 gnolls
  An adder (D:3)
  A worm (D:4)
  4 dart slugs
  6 orcs (D:3)
  4 endoplasms
  4 giant cockroaches
  5 goblins
  4 hobgoblins
  A quokka (D:1)
  7 ball pythons
  8 bats
  4 frilled lizards
  9 kobolds
  4 rats
78 creatures vanquished.

Notes
Turn   | Place    | Note
-------+----------+-------------------------------------------
     0 | D:1      | BigPumpCobain the Ogre Transmuter began the quest for the
                  | Orb.
     0 | D:1      | Reached XP level 1. HP: 19/19 MP: 3/3
    95 | D:1      | Reached XP level 2. HP: 27/27 MP: 3/5
   426 | D:1      | Reached XP level 3. HP: 33/33 MP: 5/7
   876 | D:2      | Found a runed translucent door.
   877 | D:2      | Noticed Crazy Yiuf
   887 | D:2      | Killed Crazy Yiuf
   888 | D:2      | Reached XP level 4. HP: 10/41 MP: 6/8
  1458 | D:2      | Reached XP level 5. HP: 20/48 MP: 10/10
  1743 | D:3      | Learned a level 3 spell: Spider Form
  2168 | D:3      | Found a shadowy altar of Dithmenos.
  2184 | D:3      | Became a worshipper of Dithmenos the Shadowed
  2187 | D:3      | Found an opulent altar of Gozag.
  2443 | D:3      | Found a blossoming altar of Fedhas.
  2798 | D:4      | Reached XP level 6. HP: 52/57 MP: 10/12
  3732 | D:4      | Found a snail-covered altar of Cheibriados.
  3820 | D:4      | Noticed Duvessa
  3820 | D:4      | Noticed Dowan
  3837 | D:4      | Killed Dowan
  3838 | D:4      | Reached XP level 7. HP: 5/65 MP: 13/13
  3838 | D:4      | Slain by Duvessa

Illustrated notes

Levels and vault maps discovered:
D:1:      lightli_arrival_boilingwater, layout_basic, bh_walls_and_bars
D:2:      layout_loops_ring, uniq_crazy_yiuf_cottage
D:3:      layout_basic, lemuel_coloured_pillars_altar,
          mainiacjoe_overflow_large_starburst, minivault_23, minivault_14
D:4:      dreamdust_elfheim, layout_basic, chei_slow_surprise,
          grunt_decor_mini_mirrors

Skill      XL: |  1  2  3  4  5  6 |
---------------+-------------------+-----
Unarmed Combat | 3 4 |  4.5
Transmutations | 2 3 |  3.4
Spellcasting   | 3 4 |  4.6
Dodging        | 2 |  2.7
Fighting       | 2 |  2.2
Stealth        | |  0.8

Action                     |  1- 3 |  4- 6 |  7- 9 || total
---------------------------+-------+-------+-------++-------
  Melee: Unarmed           |    77 |   214 |     1 ||   292
         Kick              |    16 |    45 |     1 ||    62
         Headbutt          |    11 |    33 |       ||    44
         Punch             |     1 |     5 |       ||     6
   Cast: Beastly Appendage |    21 |    36 |       ||    57
    Use: Scroll            |     2 |       |       ||     2
         Potion            |       |     2 |       ||     2
   Stab: Sleeping          |       |     1 |       ||     1
 Armour: Robe              |    41 |    99 |       ||   140
         Skin              |       |    16 |       ||    16
  Dodge: Dodged            |    31 |   106 |       ||   137
